 Dungeon Crawl Stone Soup version 0.31.0-12-g77e489cdc1 (webtiles) character file.

Game seed: 11725156091847581567

279 Doomgape the Trooper (level 6, -7/40 HPs)
             Began as a Gargoyle Fighter on Feb 15, 2024.
             Mangled by an ogre
             ... wielding a +0 giant spiked club
              (13 damage)
             ... on level 5 of the Dungeon.
             The game lasted 00:07:08 (3328 turns).

Doomgape the Trooper (Gargoyle Fighter)             Turns: 3328, Time: 00:07:09

Health: -7/40      AC: 20    Str: 21    XL:     6   Next: 26%
Magic:  6/6        EV:  8    Int: 12    God:
Gold:   873        SH:  4    Dex:  9    Spells: 5/5 levels left

rFire   + . .        a - +0 flail (venom)
rCold   . . .        c - +0 buckler
rNeg    + . .        s - +0 chain mail
rPois   ∞            j - +1 helmet {Int+3}
rElec   +            (no cloak)
rCorr   .            (no gloves)
SInv    .            (no boots)
Will    .....        (no amulet) Stlth
                     l - +4 ring of protection
HPRegen 0.26/turn    h - ring of protection from fire
MPRegen 0.10/turn

%: no passive effects
@: no status effects
A: sickness immunity, AC +4, negative energy resistance 1, electricity
resistance, torment resistance 1, petrification resistance
a: no special abilities


You were on level 5 of the Dungeon.
You visited 1 branch of the dungeon, and saw 5 of its levels.

You collected 873 gold pieces.

Inventory:

Hand Weapons
 a - a +0 flail of venom (weapon)
Missiles
 e - a throwing net (quivered)
Armour
 c - a +0 buckler (worn)
 j - a +1 helmet of intelligence (worn)
 s - a +0 chain mail (worn)
Jewellery
 h - a ring of protection from fire (right hand)
 l - a +4 ring of protection (left hand)
 q - a ring of ice
Scrolls
 f - 4 scrolls of identify
 i - a scroll of brand weapon
 p - a scroll of teleportation {unknown}
 u - a scroll of enchant weapon {unknown}
Potions
 b - a potion of haste {unknown}
 d - a potion of might
 g - a potion of lignification
 k - a potion of heal wounds {unknown}
 n - 2 potions of resistance {unknown}
 o - a potion of ambrosia {unknown}
 r - 2 potions of mutation {unknown}
 t - a potion of magic {unknown}


   Skills:
 + Level 5.1 Fighting
 + Level 3.9 Maces & Flails
 + Level 5.0 Armour
 - Level 3.2 Shields


You had 5 spell levels left.
You didn't know any spells.
Your spell library contained the following spells:

 Spells                   Type           Power      Damage    Failure   Level
 Inner Flame              Hex/Fire       0%         N/A       100%        3
 Tukima's Dance           Hex            0%         N/A       100%        3
 Dispel Undead            Necr           0%         3d6       100%        4
 Martyr's Knell           Necr/Summ      0%         N/A       100%        4
 Passage of Golubria      Tloc           0%         N/A       100%        4
 Irradiate                Conj/Alch      0%         3d11      100%        5
 Silence                  Hex/Air        0%         N/A       100%        5
 Yara's Violent Unravell  Hex/Alch       0%         3d3       100%        5
 Death Channel            Necr           0%         N/A       100%        6
 Ignition                 Fire           0%         3d3       100%        8
 Lehudib's Crystal Spear  Conj/Erth      0%         10d2      100%        8
 Cigotuvi's Dreadful Rot  Necr/Alch/Air  Unusable   N/A       N/A         2

Dungeon Overview and Level Annotations

Branches:
Dungeon (5/15)
 Temple: D:4-7

Altars:
Hepliaklqana

Shops:
D:2 [   D:3 :


Innate Abilities, Weirdness & Mutations

You are immune to sickness and miasma.
Your stone body is resilient. (AC +4)
You are immune to poison.
You resist negative energy. (rN+)
You are resistant to electric shocks. (rElec)
You are resistant to unholy torment.
You are immune to petrification.


Message History

The ufetubus barely misses you.
The ufetubus hits you but does no damage. x3
The ufetubus closely misses you.
The ogre hits you with a +0 giant spiked club!
An iguana comes into view.
The ufetubus hits you but does no damage.
You block the ufetubus's attack.
The ufetubus hits you but does no damage. x2
The ufetubus attacks as it pursues you! You block the ufetubus's attack.
The ufetubus hits you.
The ufetubus hits you but does no damage. x2
You closely miss the ufetubus.
The ufetubus hits you but does no damage. x2
The ufetubus slips past you!
The ufetubus hits you but does no damage. x2
The ufetubus hits you but does no damage.
The ufetubus closely misses you.
The ogre hits you with a +0 giant spiked club!!
Ouch! That really hurt!
* * * LOW HITPOINT WARNING * * *
The ufetubus closely misses you. The ufetubus barely misses you.
You barely miss the ufetubus. The ufetubus barely misses you.
You block the ufetubus's attack. x2
The ufetubus hits you but does no damage. x3
The ogre hits you but does no damage. The ufetubus barely misses you.
The ufetubus hits you but does no damage.
You miss the ufetubus. The ufetubus barely misses you. x2
The ufetubus hits you but does no damage.
You block the ufetubus's attack. The ufetubus barely misses you. x2
The ogre closely misses you. You block the ufetubus's attack.
The ufetubus hits you but does no damage.
You barely miss the ufetubus. You block the ufetubus's attack.
The ufetubus closely misses you.
The ufetubus hits you but does no damage.
You block the ufetubus's attack. The ufetubus closely misses you.
The ufetubus hits you but does no damage.
The ufetubus barely misses you.
The ufetubus hits you but does no damage.
The ogre hits you with a +0 giant spiked club!
You die...

.........l....
.....$.......
............
...........
.........# #
......#
....#########....#
#.....<...##O..#
########..5@5###
#####..# #..#
#...# #...# #####


You could see an ogre and 2 ufetubi.

Vanquished Creatures
  A howler monkey (D:4)
  A bombardier beetle (D:4)
  A sleepcap (D:3)
  A hound (D:4)
  A jelly (D:4)
  An adder (D:2)
  2 ufetubi (D:5)
  4 ribbon worms
  3 dart slugs
  5 ball pythons
  7 endoplasms
  6 giant cockroaches
  8 goblins
  11 hobgoblins
  4 jackals (D:1)
  8 kobolds
  3 quokkas
  4 bats
  5 frilled lizards
  7 rats
83 creatures vanquished.

Notes
Turn   | Place    | Note
-------+----------+-------------------------------------------
     0 | D:1      | Doomgape the Gargoyle Fighter began the quest for the Orb.
     0 | D:1      | Reached XP level 1. HP: 14/14 MP: 1/1
   109 | D:1      | Reached XP level 2. HP: 14/19 MP: 2/2
   269 | D:1      | Reached XP level 3. HP: 15/24 MP: 3/3
  1200 | D:2      | Reached XP level 4. HP: 29/29 MP: 4/4
  1373 | D:2      | Found a faded altar of an unknown god.
  1404 | D:2      | Found Boanutew's Antique Armour Shop.
  1801 | D:3      | Found a hazy altar of Hepliaklqana.
  1958 | D:3      | Found Joahoemm's Book Boutique.
  1975 | D:3      | Reached XP level 5. HP: 34/34 MP: 5/5
  2838 | D:4      | Reached XP level 6. HP: 38/40 MP: 6/6
  2930 | D:4      | Reached skill level 5 in Fighting
  3257 | D:4      | Reached skill level 5 in Armour
  3304 | D:5      | Entered Level 5 of the Dungeon
  3305 | D:5      | Identified a scroll of acquirement
  3305 | D:5      | Acquired 666 gold pieces
  3328 | D:5      | Mangled by an ogre

Illustrated notes

Levels and vault maps discovered:
D:1:      dpeg_arrival_line_fractal, layout_basic
D:2:      layout_basic, shapermc_ecumenical_altar_mp_vishouse, serial_shops,
          nicolae_shop_back_alley_shop, minmay_circle_x
D:3:      layout_basic, nicolae_hepliaklqana_hazy_memory, serial_shops, shop
D:4:      layout_rooms, serial_forest, infiniplex_forest_lined_room_2,
          infiniplex_forest_lined_ring, infiniplex_forest_lined_room_2,
          infiniplex_forest_end_2, infiniplex_forest_split,
          infiniplex_forest_clump_cross, infiniplex_forest_corner_1,
          infiniplex_forest_clump_tiny, infiniplex_forest_lined_2
D:5:      old_forge, layout_cave_pods, kiku_gazebo_garden_becter,
          mainiacjoe_overflow_cross_hatched, minmay_temple_entry_hall,
          kennysheep_generic_room_11, uniq_prince_ribbit1, uniq_edmund

Skill      XL: |  1  2  3  4  5  6 |
---------------+-------------------+-----
Fighting       | 4 5 |  5.1
Armour         | 4 5 |  5.0
Maces & Flails | 3 |  3.9
Shields        | |  3.2

Action                     |  1- 3 |  4- 6 || total
---------------------------+-------+-------++-------
  Melee: Flail             |   162 |   171 ||   333
    Use: Scroll            |       |     4 ||     4
 Armour: Scale mail        |   107 |    54 ||   161
         Chain mail        |       |    55 ||    55
  Dodge: Dodged            |    74 |    64 ||   138
  Block: Buckler           |    42 |    24 ||    66
